 Dungeon Crawl Stone Soup version 0.21-a0-186-g02e8684 (webtiles) character file.

9 tehllama the Insei (level 2, 0/18 HPs)
             Began as an Octopode Transmuter on Aug 13, 2017.
             Slain by a giant cockroach (1 damage)
             ... on level 1 of the Dungeon.
             The game lasted 00:00:20 (131 turns).

tehllama the Insei (Octopode Transmuter)             Turns: 131, Time: 00:00:21

Health: 0/18       AC:  1    Str:  9    XL:     2   Next: 16%
Magic:  3/5        EV: 13    Int: 15    God:
Gold:   42         SH:  0    Dex: 12    Spells: 4/5 levels left

rFire    . . .     SeeInvis .     - Unarmed
rCold    . . .     Gourm    .   (no shield)
rNeg     . . .     Faith    .   (helmet restricted)
rPois    .         Spirit   .   (no amulet)
rElec    .         Reflect  .   (no ring)
rCorr    .         Harm     .   (no ring)
MR       .....                  (no ring)
Stlth    ++........             (no ring)
HPRegen  0.06/turn              (no ring)
MPRegen  0.09/turn              (no ring)
                                (no ring)
                                (no ring)

@: appendage
A: almost no armour, stealthy swim, amphibious, 8 rings, constrict 8, tentacle
spike 3, camouflage 1, gelatinous body 1
a: End Transformation


You were on level 1 of the Dungeon.
You were not hungry.
One of your tentacles had a temporary spike.
You visited 1 branch of the dungeon, and saw 1 of its levels.

You collected 42 gold pieces.

Inventory:

Missiles
 a - 12 arrows
Scrolls
 d - a scroll of remove curse {unknown}
 e - a scroll of teleportation {unknown}
Potions
 g - a potion of haste {unknown}
Books
 b - a book of Changes

   Spells                             Type                      Level
   a - Beastly Appendage              Transmutation                1
   b - Sticks to Snakes               Transmutation                2
   c - Spider Form                    Transmutation/Poison         3
   d - Ice Form                       Ice/Transmutation            4
   e - Blade Hands                    Transmutation                5
Comestibles
 c - a bread ration
 f - 3 chunks of flesh


   Skills:
 - Level 1.0 Fighting
 - Level 2.0 Dodging
 + Level 3.6 Unarmed Combat
 - Level 2.0 Spellcasting
 - Level 2.0 Transmutations


You had 4 spell levels left.
You knew the following spells:

 Your Spells              Type           Power        Failure   Level  Hunger
a - Beastly Appendage     Tmut           #.....       10%         1    #......


Dungeon Overview and Level Annotations

Branches:
Dungeon (1/15)

Altars:


Innate Abilities, Weirdness & Mutations

You cannot wear most types of armour.
You are very stealthy in the water. (Stealth+)
You are amphibious.
You can wear up to eight rings at the same time.
You can use your tentacles to constrict eight enemies at once.
Your skin changes colour to match your surroundings (Stealth+).
Your rubbery body absorbs attacks. (AC +1, EV +1)
One of your tentacles bears a large vicious spike.


Message History

The ooze is moderately wounded.
The ooze hits you but does no damage.
You tentacle-slap the ooze.
You pierce the ooze.
The ooze is almost dead.
The ooze hits you.
* * * LOW HITPOINT WARNING * * *
You tentacle-slap the ooze.
You kill the ooze!
You have reached level 2!
Casting: Beastly Appendage
Confirm with . or Enter, or press ? or * to list all spells.
You extend your transformation's duration.
The rat closely misses you.
You closely miss the rat. Your grab misses the rat. The rat barely misses you.
You tentacle-slap the rat.
You kill the rat!
You tentacle-slap the giant cockroach. Your grab misses the giant cockroach.
The giant cockroach is almost dead.
The giant cockroach bites you.
You die...

... ... ## .. .[# .. ..?
##. #.. ## ##.. #?####
.#### ##...#b#....
....## ###..##s##..#
.##..#### #....#@#...#
#..#....# #..##.##..####
...##...###..#$#........
..###.....#..###..######
[..###....#......##
....##...##.###.###
#...###..#.........
#....##....########
##...###...#


You could see a giant cockroach and a bat.

Vanquished Creatures
  An ooze (D:1)
  2 frilled lizards (D:1)
  2 goblins (D:1)
  2 rats (D:1)
7 creatures vanquished.

Notes
Turn   | Place    | Note
-------+----------+-------------------------------------------
     0 | D:1      | tehllama the Octopode Transmuter began the quest for the Orb.
     0 | D:1      | Reached XP level 1. HP: 13/13 MP: 3/3
   127 | D:1      | Reached XP level 2. HP: 1/18 MP: 3/5
   131 | D:1      | Slain by a giant cockroach

Vault maps used:
D:1:      dpeg_arrival_long_road, corexii_hall_statues_l, st_stairs_7,
          serial_park_tiny_pond, minmay_vboxes

Action                   || total
-------------------------++-------
Melee: Unarmed           ||    15
       Kick              ||     2
       Constrict         ||     1
       Tentacles         ||     1
 Cast: Beastly Appendage ||     3
 Stab: Sleeping          ||     1
Armor: Skin              ||     2
Dodge: Dodged            ||     3
